 Dungeon Crawl Stone Soup version 0.21-a0-498-g1b60429 (webtiles) character file.

2925 mortelune the Cleaver (level 9, -6/59 HPs)
             Began as a Gargoyle Fighter on Nov 24, 2017.
             Was an Initiate of Makhleb.
             Mangled by mortelune's ghost (13 damage)
             ... on level 7 of the Dungeon.
             The game lasted 00:28:01 (8094 turns).

mortelune the Cleaver (Gargoyle Fighter)            Turns: 8094, Time: 00:28:02

Health: -6/59      AC: 24    Str: 27    XL:     9   Next: 79%
Magic:  10/10      EV:  7    Int: 13    God:    Makhleb [......]
Gold:   347        SH:  9    Dex:  9    Spells: 8/8 levels left

rFire    . . .     SeeInvis .   Q - +3 flail (freeze)
rCold    . . .     Gourm    +   c - +0 shield
rNeg     + . .     Faith    .   V - +1 scale mail of Dithmenos's Regard {Str+3} (curse)
rPois    ∞         Spirit   .   q - +1 helmet
rElec    +         Reflect  .   (no cloak)
rCorr    .         Harm     .   D - +1 pair of gloves
MR       +....                  y - +0 pair of boots
Stlth    ..........             L - amulet of the gourmand
HPRegen  0.19/turn              e - ring of protection from magic
MPRegen  0.12/turn              B - +3 ring of protection

@: brilliant
A: negative energy resistance 1, electricity resistance, unbreathing,
petrification resistance, rot immunity, AC +6
a: Renounce Religion


You were on level 7 of the Dungeon.
You worshipped Makhleb.
Makhleb was noncommittal.
You were not hungry.

You visited 2 branches of the dungeon, and saw 8 of its levels.
You also visited: Sewer.

You collected 347 gold pieces.

Inventory:

Hand Weapons
 a - a +0 war axe
 b - a +0 hunting sling
 I - a +1 battleaxe of freezing
 N - a +0 flail of crushing
 P - a +4 dire flail of holy wrath
 Q - a +3 flail of freezing (weapon)
 S - a +2 mace of holy wrath
Missiles
 s - 167 stones (quivered)
 t - 51 sling bullets
Armour
 c - a +0 shield (worn)
 q - a +1 helmet (worn)
 r - a +0 scale mail
 y - a +0 pair of boots (worn)
 D - a +1 pair of gloves (worn)
 M - a +0 chain mail
 R - a +2 ring mail of magic resistance
 V - the cursed +1 scale mail of Dithmenos's Regard (worn) {Str+3}
   (You found it on level 7 of the Dungeon)

   It affects your strength (+3).
   It has a curse placed upon it.
Jewellery
 e - a ring of protection from magic (left hand)
 u - an uncursed ring of magical power
 w - an uncursed ring of see invisible
 B - a +3 ring of protection (right hand)
 L - an amulet of the gourmand (around neck)
Wands
 F - a wand of flame (15)
Scrolls
 h - 3 scrolls of remove curse
 i - 3 scrolls of enchant weapon {unknown}
 k - 3 scrolls of enchant armour
 p - a scroll of fear {unknown}
 x - a scroll of amnesia {unknown}
 A - 2 scrolls of blinking {unknown}
 E - 5 scrolls of teleportation {unknown}
 T - a scroll of fog {unknown}
Potions
 d - a potion of might
 j - 3 potions of brilliance
 m - 2 potions of resistance {unknown}
 n - 4 potions of mutation
 o - a potion of lignification {unknown}
 v - a potion of haste {unknown}
 C - 4 potions of magic
 G - a potion of berserk rage {unknown}
 H - 2 potions of agility {unknown}
 J - 2 potions of curing
Books
 K - a book of Debilitation

   Spells                             Type                      Level
   a - Corona                         Hexes                        1
   b - Slow                           Hexes                        2
   c - Inner Flame                    Hexes/Fire                   3
   d - Portal Projectile              Hexes/Translocation          3
   e - Cause Fear                     Hexes                        4
   f - Leda's Liquefaction            Hexes/Earth                  4
 O - a book of Conjurations

   Spells                             Type                      Level
   a - Magic Dart                     Conjuration                  1
   b - Searing Ray                    Conjuration                  2
   c - Dazzling Spray                 Conjuration/Hexes            3
   d - Fulminant Prism                Conjuration/Hexes            4
   e - Force Lance                    Conjuration/Translocation    4
   f - Iskenderun's Mystic Blast      Conjuration                  4
 U - a book of Necromancy

   Spells                             Type                      Level
   a - Pain                           Necromancy                   1
   b - Animate Skeleton               Necromancy                   1
   c - Vampiric Draining              Necromancy                   3
   d - Regeneration                   Charms/Necromancy            3
   e - Animate Dead                   Necromancy                   4
   f - Control Undead                 Necromancy                   4
Comestibles
 f - 4 bread rations
 g - 3 meat rations
 l - 4 royal jellies
 z - 4 fruits


   Skills:
 + Level 7.9 Fighting
 - Level 8.0(8.2) Axes
 + Level 3.1(6.4) Maces & Flails
 + Level 7.9 Armour
 - Level 3.2 Shields
 + Level 2.1 Invocations


You had 8 spell levels left.
You didn't know any spells.

Dungeon Overview and Level Annotations

Branches:
Dungeon (7/15)             Temple (1/1) D:4

Altars:
Ashenzari
Cheibriados
Dithmenos
Elyvilon
Fedhas
Gozag
Kikubaaqudgha
Makhleb
Nemelex Xobeh
Okawaru
Qazlal
Ru
Xom
Yredelemnul
Zin
The Shining One

Annotations:
D:7 mortelune's ghost, journeyman GrFi


Innate Abilities, Weirdness & Mutations

You are resistant to torment.
Your stone body is resilient. (AC +6)
You are immune to poison.
You resist negative energy. (rN+)
You are resistant to electric shocks. (rElec)
You can survive without breathing.
You are immune to petrification.
You are immune to rotting.


Message History

The orc wizard hits you but does no damage.
Mortelune's ghost hits you but does no damage.
You hit mortelune's ghost. You freeze mortelune's ghost.
Mortelune's ghost is heavily damaged.
The orc wizard barely misses you. Mortelune's ghost barely misses you.
You block the orc wizard's attack.
You hit mortelune's ghost but do no damage.
Mortelune's ghost is heavily damaged.
The orc wizard hits you with a dagger of venom.
* * * LOW HITPOINT WARNING * * *
Mortelune's ghost hits you.
* * * LOW HITPOINT WARNING * * *
You block the orc wizard's attack.
Okay, then.
You barely miss the orc wizard.
Mortelune's ghost hits you but does no damage.
The orc wizard hits you but does no damage.
You closely miss the orc wizard. You block the orc wizard's attack.
Mortelune's ghost hits you!
You die...

###..####.## #..###
##...##.#######....###
#.
###........##.......##..
###.####.............#
#..# ##.##.......# #.##
##.####......# ##.#
#.##..#.)....# ######>.#
#.#.#o#......# ....##.##
##.##@#<.....# .......#
###W##).....# ....####
#.# #......# ##### ..#
#......# #.# #......# ##
##.....## #.....##
#######


You could see an orc wizard and mortelune's ghost.

Vanquished Creatures
  Prince Ribbit (D:5)
  Eustachio (D:4)
  Menkaure (D:6)
  Edmund (D:6)
  A water moccasin (D:4)
  A sky beast (D:6)
  A black bear (D:7)
  Purgy (Sewer)
  An ice beast (D:5)
  An orc warrior (D:6)
  2 centaurs
  An ogre (D:7)
  3 bullfrogs
  3 scorpions
  4 wights (D:6)
  A crimson imp (D:5)
  A bullfrog zombie (D:6)
  3 hounds
  3 orc priests
  An iguana (D:5)
  A jelly (D:7)
  5 orc wizards
  A bullfrog skeleton (D:5)
  6 worker ants
  A hound zombie (D:7)
  A howler monkey zombie (D:5)
  A worker ant zombie (D:5)
  Robin (D:2)
  A gnoll (D:1)
  A river rat (D:4)
  15 adders
  A howler monkey skeleton (D:5)
  2 shadow imps
  2 oozes
  An adder skeleton (D:5)
  3 worms
  3 dart slugs
  2 leopard geckos
  19 orcs
  2 ball pythons (Sewer)
  14 giant cockroaches
  17 goblins
  12 hobgoblins
  11 jackals
  8 quokkas
  12 bats
  12 frilled lizards
  5 kobolds
  A quokka zombie (D:5)
  11 rats
204 creatures vanquished.

Notes
Turn   | Place    | Note
-------+----------+-------------------------------------------
     0 | D:1      | mortelune the Gargoyle Fighter began the quest for the Orb.
     0 | D:1      | Reached XP level 1. HP: 14/14 MP: 1/1
   108 | D:1      | Reached skill level 2 in Axes
   208 | D:1      | Reached XP level 2. HP: 19/19 MP: 2/2
   542 | D:1      | Reached XP level 3. HP: 9/23 MP: 3/3
  1394 | D:1      | Reached XP level 4. HP: 26/29 MP: 4/4
  1431 | D:2      | Noticed Robin
  1431 | D:2      | Reached skill level 3 in Axes
  1438 | D:2      | Killed Robin
  1958 | D:2      | Reached XP level 5. HP: 26/33 MP: 5/5
  2128 | D:2      | Found a white marble altar of Elyvilon.
  2190 | D:2      | Found a glowing golden altar of the Shining One.
  3236 | D:4      | Reached skill level 4 in Axes
  3240 | D:4      | Found a glowing drain.
  3244 | Sewer    | Entered a sewer
  3370 | Sewer    | Noticed Purgy
  3414 | Sewer    | Killed Purgy
  3414 | Sewer    | Reached XP level 6. HP: 23/39 MP: 6/6
  3791 | D:4      | Noticed a water moccasin
  3806 | D:4      | Killed a water moccasin
  3806 | D:4      | Reached skill level 5 in Armour
  3885 | D:4      | Found a staircase to the Ecumenical Temple.
  3891 | Temple   | Entered the Ecumenical Temple
  3965 | D:4      | Reached skill level 5 in Fighting
  3965 | D:4      | Reached XP level 7. HP: 44/44 MP: 7/7
  4211 | D:4      | Reached skill level 5 in Axes
  4784 | D:4      | Noticed Eustachio
  4800 | D:4      | Killed Eustachio
  5098 | D:5      | Entered Level 5 of the Dungeon
  5124 | D:5      | Reached XP level 8. HP: 47/51 MP: 8/8
  5170 | D:5      | Reached skill level 6 in Axes
  5435 | D:5      | Noticed Prince Ribbit
  6234 | D:5      | Killed Prince Ribbit
  6234 | D:5      | Reached skill level 7 in Axes
  6531 | D:6      | Reached XP level 9. HP: 56/56 MP: 9/9
  6618 | D:6      | Found a burning altar of Makhleb.
  6618 | D:6      | Noticed Menkaure
  6629 | D:6      | Killed Menkaure
  6629 | D:6      | Reached skill level 1 in Maces & Flails
  6759 | D:6      | Noticed Edmund
  6825 | D:6      | Killed Edmund
  7151 | D:6      | Reached skill level 8 in Axes
  7395 | D:6      | Became a worshipper of Makhleb the Destroyer
  7624 | D:7      | Reached skill level 1 in Invocations
  7876 | D:7      | Got a distressingly furry scale mail
  7887 | D:7      | Identified the cursed +1 scale mail of Dithmenos's Regard {Str+3} (You found it on level 7 of the Dungeon)
  7960 | D:7      | Found a stormy altar of Qazlal.
  7962 | D:7      | Found an opulent altar of Gozag.
  7962 | D:7      | Found a shimmering altar of Xom.
  8061 | D:7      | Noticed mortelune's ghost (journeyman GrFi)
  8094 | D:7      | Mangled by mortelune's ghost

Vault maps used:
D:1:      dpeg_arrival_simpleton_b, st_stairs_14, minmay_tetromino_o4
D:2:      tso_altar, nicolae_overflow_hidden_temple, uniq_robin
D:3:      first_bread
D:4:      minmay_temple_entry_hall, gup_sewer_entry_spiral,
          roderic_serpentine_path, st_stairs_11, uniq_eustachio
D:5:      uniq_prince_ribbit1
D:6:      nicolae_overflow_crystal_walls, uniq_menkaure, uniq_edmund
D:7:      gammafunk_temple_overflow_forgotten, marbit_many_paths,
          gammafunk_temple_overflow_wave, grunt_livestock
Temple:   eino_wide_crystal_templ
Sewer:    sewer_co_purgy_island

Skill      XL: |  1  2  3  4  5  6  7  8  9 |
---------------+----------------------------+-----
Axes           | 2 3 4 5 7 8 |  8.0
Armour         | 4 5 6 7 |  7.9
Fighting       | 4 5 6 7 |  7.9
Maces & Flails | 3 |  3.1
Invocations    | 2 |  2.1
Shields        | |  3.2

Action                   |  1- 3 |  4- 6 |  7- 9 || total
-------------------------+-------+-------+-------++-------
Melee: War axe           |   113 |   300 |   294 ||   707
       Flail             |       |       |   192 ||   192
       Dire flail        |       |       |    14 ||    14
 Fire: Hunting sling     |       |    14 |    57 ||    71
  Use: Scroll            |       |     5 |     1 ||     6
       Potion            |       |     3 |     1 ||     4
  Eat: Chunk             |     2 |     8 |    19 ||    29
Armor: Scale mail        |    80 |   210 |   238 ||   528
       Chain mail        |       |       |   124 ||   124
       Ring mail         |       |       |    25 ||    25
Dodge: Dodged            |    47 |   106 |   133 ||   286
Block: Shield            |    77 |   180 |   251 ||   508

Table legend:
 A = Spawn XP
 B = Non-spawn XP
 C = Spawn XP percentage of total XP
 D = Spawn monster count
 E = Non-spawn monster count
 F = Spawn count percentage of total count
 G = Total turns spent on level
                    A         B        C        D         E        F      G
               +---------+---------+-------+---------+---------+-------+---------
         Total |       0 |    4179 |   0.0 |       0 |     204 |   0.0 |  8094
               +---------+---------+-------+---------+---------+-------+---------
           D:1 |       0 |      80 |   0.0 |       0 |      34 |   0.0 |  1385
           D:2 |       0 |      97 |   0.0 |       0 |      27 |   0.0 |   979
           D:3 |       0 |     134 |   0.0 |       0 |      24 |   0.0 |   744
           D:4 |       0 |     742 |   0.0 |       0 |      32 |   0.0 |  1444
           D:5 |       0 |     992 |   0.0 |       0 |      24 |   0.0 |  1323
           D:6 |       0 |    1488 |   0.0 |       0 |      41 |   0.0 |  1186
           D:7 |       0 |     506 |   0.0 |       0 |      13 |   0.0 |   487
         Sewer |       0 |     140 |   0.0 |       0 |       9 |   0.0 |   490
               +---------+---------+-------+---------+---------+-------+---------
